Map: Persephone LE

Players

IlIlIlIlIlII

  • Race: Terran Terran
  • League: Diamond
  • Spawn Location: 7:00

BigZ - Winner!

  • Race: Protoss Protoss
  • League: Diamond
  • Spawn Location: 11:00

VOD

Have the link to the VOD?

Description

Time

  • Played on: July 23, 2025, 9:41 p.m.
  • Length: 11:16
Show
View Real Time Build Order
Export as new Build Order

IlIlIlIlIlII Terran 

Build Orders:  

Get SALT Encoding   

  12  0:08  Supply Depot  
  12  0:13  SCV  
  13  0:25  SCV  
  14  0:32  Barracks  
  14  0:37  SCV  
  15  0:49  SCV  
  16  0:52  Barracks  
  16  1:01  SCV  
  17  1:13  SCV  
  18  1:19  Marine  
  18  1:22  Supply Depot  
  19  1:26  Orbital Command  
  19  1:37  Marine  
  20  1:42  Marine  
  21  1:49  Bunker  
  21  1:55  Marine, SCV  
  23  2:01  Marine  
  23  2:08  SCV  
  25  2:19  Command Center  
  25  2:20  SCV  
  26  2:22  Supply Depot  
  26  2:26  Marine  
  26  2:29  Marine  
  28  2:32  SCV  
  29  2:41  Refinery  
  29  2:42  Refinery  
  29  2:44  Marine, SCV  
  29  2:46  Marine  
  32  2:56  SCV  
  32  3:08  SCV  
  32  3:10  Marine  
  32  3:11  Marine  
  33  3:14  Bunker  
  33  3:23  Bunker  
  33  3:26  Engineering Bay  
  33  3:28  Marine x2  
  35  3:34  Supply Depot  
  35  3:35  Orbital Command  
  35  3:46  Marine x2  
  37  3:50  SCV  
  38  3:56  Missile Turret  
  38  4:02  SCV  
  39  4:03  SCV  
  39  4:04  Marine  
  41  4:11  Missile Turret  
  41  4:13  Missile Turret  
  41  4:14  SCV  
  41  4:16  SCV  
  43  4:18  Marine  
  44  4:28  Barracks Tech Lab  
  44  4:34  Factory  
  44  4:36  Barracks Reactor  
  44  4:40  SCV x2  
  46  4:48  Refinery  
  46  4:49  Refinery  
  46  4:52  SCV x2  
  48  5:04  SCV x2  
  48  5:06  Stimpack, Barracks, Marine  
  51  5:07  Barracks  
  51  5:08  Barracks x2  
  51  5:16  SCV x2  
  51  5:17  Supply Depot  
  53  5:22  Factory Reactor  
  53  5:24  Marine  
  53  5:26  Marine x2  
  56  5:28  SCV x2  
  56  5:29  Starport  
  58  5:40  SCV  
  58  5:42  Marine  
  60  5:44  Marine x2  
  60  5:55  Marine x4  
  55  6:00  Marine  
  55  6:01  Marine x2  
  52  6:13  Marine x2  
  52  6:15  Missile Turret  
  54  6:22  Medivac  
  55  6:27  Orbital Command  
  51  6:43  Medivac  
  53  6:47  Missile Turret  
  53  6:52  SCV x2, Medivac  
  56  7:04  SCV  
  56  7:08  Missile Turret  
  55  7:25  SCV x2  
  57  7:30  Marine x2  
  59  7:37  SCV  
  59  7:39  Marine x5  
  59  7:43  SCV  
  66  7:48  Marine  
  66  7:49  Marine  
  68  7:57  Marine  
  58  8:17  Marine x3  
  58  8:18  Marine x3  
  58  8:19  SCV  
  65  8:25  Marine  
  66  8:29  SCV  
  67  8:35  Marine x2  
  69  8:43  Marine  
  70  8:49  Combat Shield  
  70  8:55  Supply Depot  
  70  8:58  Marine x3  
  73  9:14  Marine x4  
  73  9:16  Marine  
  58  9:56  Marine x7  
  59  10:13  Marine  
  60  10:14  Marine x6  
  66  10:31  Marine  
  66  10:32  Marine x6  
  61  10:49  Marine  
  55  10:50  Marine x6  
Show
View Real Time Build Order
Export as new Build Order

BigZ Protoss - Winner!

Build Orders: Dark Templar Rush 

Get SALT Encoding   

  12  0:01  Probe  
  13  0:17  Pylon  
  13  0:20  Probe  
  14  0:32  Probe  
  15  0:41  Gateway  
  15  0:44  Probe  
  16  0:53  Assimilator  
  16  0:56  Probe  
  17  1:05  Probe  
  18  1:13  Probe  
  18  1:14  Assimilator  
  19  1:23  Probe  
  20  1:33  Cybernetics Core  
  20  1:35  Probe  
  21  1:47  Probe  
  21  1:48  Nexus  
  22  1:54  Pylon  
  22  2:05  Probe  
  23  2:09  Warp Gate  
  23  2:14  Twilight Council  
  23  2:23  Gateway  
  23  2:35  Gateway  
  23  2:43  Gateway  
  23  2:48  Assimilator  
  23  2:53  Dark Shrine  
  23  3:03  Probe  
  20  3:15  Probe  
  21  3:23  Probe  
  22  3:27  Probe  
  22  3:31  Probe  
  23  3:39  Probe  
  24  3:48  Pylon, Probe  
  26  3:56  Probe  
  26  4:00  Assimilator  
  27  4:04  Probe  
  27  4:07  Dark Templar  
  27  4:08  Dark Templar  
  32  4:16  Probe  
  33  4:17  Dark Templar  
  35  4:25  Dark Templar  
  35  4:26  Probe  
  38  4:34  Probe  
  38  4:44  Dark Templar, Probe  
  41  4:52  Dark Templar  
  44  4:54  Probe  
  44  4:57  Dark Templar  
  47  5:02  Probe  
  48  5:10  Probe  
  49  5:22  Probe  
  49  5:24  Nexus  
  49  5:27  Pylon  
  50  5:34  Probe  
  49  5:46  Probe  
  50  6:06  Probe  
  47  6:17  Dark Templar  
  47  6:18  Probe  
  46  6:26  Stargate  
  46  6:27  Stargate  
  46  6:30  Probe  
  46  6:32  Assimilator  
  45  6:42  Probe  
  46  6:50  Probe  
  41  6:55  Probe  
  41  6:58  Stargate, Probe  
  42  7:07  Probe  
  42  7:08  Probe  
  45  7:19  Probe  
  45  7:20  Probe  
  45  7:24  Fleet Beacon  
  45  7:26  Dark Templar  
  47  7:31  Dark Templar  
  47  7:32  Probe  
  48  7:44  Probe  
  48  7:46  Assimilator  
  49  7:53  Dark Templar x2  
  49  7:56  Probe  
  44  8:09  Probe x2  
  45  8:25  Tempest x3  
  57  8:32  Cybernetics Core  
  57  8:34  Pylon  
  57  8:36  Cybernetics Core  
  57  8:37  Pylon  
  57  8:41  Nexus  
  57  8:43  Pylon  
  57  8:49  Pylon  
  57  8:51  Pylon  
  57  9:08  Tempest x3  
  69  9:15  Dark Templar  
  68  9:25  Dark Templar  
  62  9:48  Probe  
  49  10:00  Probe  
  50  10:07  Unknown  
  50  10:12  Probe  
  50  10:13  Tempest  
  55  10:23  Tempest  
  55  10:24  Probe  
  60  10:36  Probe  
  61  10:48  Probe  
  62  10:52  Probe  
  63  11:00  Probe  
Tags
 
Add a new tag
Caveats
  • Supply blocks, unpowered buildings, or Contaminate may cause inaccurate times.
  • Supply counts are checked every 10 seconds.